 Dungeon Crawl Stone Soup version 0.28-a0-461-g2dc4ca5097 (webtiles) character file.

Game seed: 5085845577431420362

283706 freelancePsychic the Brawler (level 19, -16/155 HPs)
             Began as a Demonspawn Hunter on Sept 13, 2021.
             Was a High Priest of Okawaru.
             Killed from afar by a deep elf pyromancer (45 damage)
             ... with a bolt of fire
             ... on level 2 of the Elven Halls.
             The game lasted 01:47:27 (54448 turns).

freelancePsychic the Brawler (Demonspawn Hunter)   Turns: 54448, Time: 01:47:27

Health: -16/155    AC: 10    Str: 19    XL:     19   Next: 76%
Magic:  11/23      EV: 29    Int: 13    God:    Okawaru [*****.]
Gold:   2429       SH: 20    Dex: 19    Spells: 6/24 levels left

rFire   . . .      SeeInvis +     - Unarmed
rCold   . . .      Faith    .   X - +2 buckler
rNeg    . . .      Spirit   .   Z - +1 robe "Ylastie" {Will+}
rPois   .          Reflect  +   (helmet unavailable)
rElec   .          Harm     .   D - +2 cloak of the Eternal Void {Dex+4}
rCorr   .          Rampage  .   p - +1 pair of gloves
Will    ++...                   (no boots)
Stlth   +++.......              a - amulet of reflection
HPRegen 0.35/turn               n - +4 ring of evasion
MPRegen 0.18/turn               I - ring of wizardry

@: about to teleport, heroic
A: antennae 3, claws 2, hooves 2, (demonic guardian 1), demonic magic 3,
iridescent scales 1, large bone plates 1, no potion heal 1, MP-powered wands
}: 2/15 runes: decaying, gossamer
a: Renounce Religion, Heroism, Finesse, Duel


You were on level 2 of the Elven Halls.
You worshipped Okawaru.
Okawaru was extremely pleased with you.
You visited 7 branches of the dungeon, and saw 35 of its levels.
You also visited: Ice Cave and Volcano.

You collected 3421 gold pieces.
You spent 992 gold pieces at shops.

Inventory:

Hand Weapons
 b - the +6 longbow of Glamorous Innocence {vorpal, Int+4}
   (Okawaru gifted it to you on level 15 of the Dungeon)

   Any ammunition fired from it inflicts extra damage upon your enemies.
   Int:       It affects your intelligence (+4).
Missiles
 d - 1265 arrows
 f - 2 silver javelins
 H - a throwing net
Armour
 o - a +0 kite shield
 p - a +1 pair of gloves (worn)
 r - the +1 ring mail of Fiemnof {+Inv Dex+2 Slay+2 Stlth-}
   (You found it on level 4 of the Dungeon)

   Dex:       It affects your dexterity (+2).
   Slay:      It affects your accuracy & damage with ranged weapons and melee
   (+2).
   +Inv:      It lets you turn invisible.
   Stlth:     It makes you less stealthy.
 D - the +2 cloak of the Eternal Void (worn) {Dex+4}
   (You found it on level 9 of the Dungeon)

   Dex:       It affects your dexterity (+4).
 L - the +3 scale mail of Balon {Int+2}
   (Okawaru gifted it to you on level 1 of the Lair of Beasts)

   Int:       It affects your intelligence (+2).
 S - a +0 tower shield
 V - a +2 crystal plate armour
 X - a +2 buckler (worn)
 Z - the +1 robe "Ylastie" (worn) {Will+}
   (You found it on level 6 of the Dungeon)

   Will:      It increases your willpower.
Jewellery
 a - an amulet of reflection (around neck)
 n - a +4 ring of evasion (left hand)
 B - a ring of poison resistance
 I - a ring of wizardry (right hand)
 N - an amulet of magic regeneration
 O - a ring of resist corrosion
 R - a +4 ring of protection
 Y - a ring of positive energy
Wands
 c - a wand of flame (93)
 w - a wand of digging (6)
 y - a wand of polymorph (21)
 A - a wand of paralysis (23)
 C - a wand of acid (33)
 J - a wand of iceblast (30) (quivered)
Scrolls
 j - 5 scrolls of enchant armour
 m - 2 scrolls of magic mapping
 s - 6 scrolls of teleportation {@r4}
 u - 3 scrolls of torment
 x - 7 scrolls of amnesia
 E - 4 scrolls of fog
 F - 8 scrolls of identify {@r1}
 G - 2 scrolls of brand weapon
 M - a scroll of blinking
 Q - a scroll of silence
 T - 6 scrolls of fear
 W - a scroll of enchant weapon
Potions
 e - 2 potions of invisibility
 g - 6 potions of heal wounds {@q2}
 h - 4 potions of resistance
 i - 9 potions of curing {@q1}
 k - 5 potions of brilliance
 l - 5 potions of attraction
 q - 4 potions of lignification
 t - 5 potions of haste {@q3}
 v - 4 potions of flight
 z - 3 potions of mutation
 K - 6 potions of ambrosia
 P - 4 potions of might
 U - 3 potions of berserk rage


   Skills:
 - Level 15.0(20.0) Fighting
 - Level 9.0(14.0) Bows
 - Level 2.0(7.0) Throwing
 - Level 13.2(18.2) Dodging
 - Level 0.8(5.8) Stealth
 + Level 13.9(18.9) Shields
 - Level 16.0(21.0) Unarmed Combat
 - Level 3.1 Spellcasting
 - Level 13.0 Transmutations
 - Level 7.8 Earth Magic
 - Level 6.0 Invocations


You had 6 spell levels left.
You knew the following spells:

 Your Spells              Type           Power      Damage    Failure   Level
a - Blade Hands           Tmut           17%        N/A       1%          5
b - Dragon Form           Tmut           17%        N/A       32%         7
c - Statue Form           Tmut/Erth      19%        N/A       19%         6

Your spell library contained the following spells:

 Spells                   Type           Power      Damage    Failure   Level
 Beastly Appendage        Tmut           70%        N/A       1%          1
 Wereblood                Tmut           35%        N/A       1%          2
 Spider Form              Tmut/Pois      9%         N/A       1%          3
 Petrify                  Tmut/Erth      29%        N/A       1%          4
 Ignite Poison            Fire/Tmut/Pois 13%        N/A       4%          3
 Ice Form                 Ice/Tmut       19%        N/A       6%          4
 Apportation              Tloc           4%         N/A       9%          1
 Magic Dart               Conj           8%         1d3       9%          1
 Pain                     Necr           8%         1d4       9%          1
 Shock                    Conj/Air       8%         1d3       9%          1
 Ensorcelled Hibernation  Hex/Ice        4%         N/A       14%         2
 Poisonous Vapours        Pois/Air       4%         N/A       14%         2
 Slow                     Hex            2%         N/A       14%         2
 Sublimation of Blood     Necr           1%         N/A       14%         2
 Leda's Liquefaction      Hex/Erth       6%         N/A       17%         4
 Alistair's Intoxication  Tmut/Pois      12%        N/A       17%         5
 Irradiate                Conj/Tmut      9%         3d17      17%         5
 Conjure Flame            Conj/Fire      2%         6-21      26%         3
 Frozen Ramparts          Ice            4%         1d2       26%         3
 Gell's Gravitas          Tloc           1%         N/A       26%         3
 Lesser Beckoning         Tloc           2%         N/A       26%         3
 Mephitic Cloud           Conj/Pois/Air  2%         N/A       26%         3
 Ozocubu's Armour         Ice            2%         N/A       26%         3
 Portal Projectile        Hex/Tloc       4%         N/A       26%         3
 Teleport Other           Tloc           2%         N/A       26%         3
 Vampiric Draining        Necr           1%         2d6       26%         3
 Airstrike                Air            1%         N/A       63%         4
 Cause Fear               Hex            1%         N/A       63%         4
 Olgreb's Toxic Radiance  Pois           2%         N/A       63%         4
 Passage of Golubria      Tloc           N/A        N/A       63%         4
 Sticky Flame             Conj/Fire      2%         2d3       63%         4
 Metabolic Englaciation   Hex/Ice        1%         N/A       91%         5
 Silence                  Hex/Air        1%         N/A       91%         5
 Invisibility             Hex            1%         N/A       100%        6
 Storm Form               Tmut/Air       9%         N/A       99%         7
 Ozocubu's Refrigeration  Ice            1%         4d5       100%        7
 Ignition                 Fire           1%         3d3       100%        8
 Lehudib's Crystal Spear  Conj/Erth      6%         10d3      100%        8
 Animate Skeleton         Necr           Unusable   N/A       N/A         1
 Summon Small Mammal      Summ           Unusable   N/A       N/A         1
 Call Canine Familiar     Summ           Unusable   N/A       N/A         3
 Summon Guardian Golem    Hex/Summ       Unusable   N/A       N/A         3
 Tukima's Dance           Hex            Unusable   N/A       N/A         3
 Summon Ice Beast         Ice/Summ       Unusable   N/A       N/A         4
 Summon Lightning Spire   Summ/Air       Unusable   N/A       N/A         4
 Summon Forest            Summ/Tloc      Unusable   N/A       N/A         5
 Malign Gateway           Summ/Tloc      Unusable   N/A       N/A         7
 Summon Hydra             Summ           Unusable   N/A       N/A         7

Dungeon Overview and Level Annotations

Branches:
Dungeon (15/15)            Temple (1/1) D:4            Lair (6/6) D:11
  Swamp (4/4) Lair:2       Spider (4/4) Lair:4        Slime (0/5) Lair:5
    Orc (2/2) D:12            Elf (3/3) Orc:2        Vaults (0/5) D:13
 Depths (0/5) D:15          IceCv (visited)         Volcano (visited)

Altars:
Ashenzari
Cheibriados
Dithmenos
Elyvilon
Fedhas
Gozag
Hepliaklqana
Kikubaaqudgha
Makhleb
Nemelex Xobeh
Okawaru
Qazlal
Ru
Sif Muna
Trog
Uskayaw
Vehumet
Wu Jian
Xom
Yredelemnul
Zin
The Shining One
Beogh
Jiyva

Shops:
D:2 :(=   Orc:2 ![([   Elf:1 =   Elf:2 (   Elf:3 **

Annotations:
D:7 3 runed translucent doors, RandomusNamus's ghost, novice MiGl; mg7810's ghost, novice DsFi; siradein's ghost, novice DECj; yellowboar's ghost, novice DEAE
Swamp:1 Roxanne
Swamp:3 1 transporter, Helmschank's ghost, adept TrMo
Elf:2 3 runed translucent doors
Elf:3 3 runed translucent doors, exclusion: obsidian statue, Lucahism's ghost, adept DsDe


Innate Abilities, Weirdness & Mutations

You have a pair of large antennae on your head. (SInv)
You have very sharp fingernails.
You have hoof-like feet.
((A weak demonic guardian rushes to your aid.))
Spells you cast and wands you use may paralyse nearby enemies.
You are partially covered in iridescent scales. (AC +2)
You are partially covered in large bone plates. (SH +4)
Potions are less effective at restoring your health.
You expend magic power (3 MP) to strengthen your wands.


Message History

The deep elf high priest wields a +0 scimitar.
The deep elf high priest completely misses you.
Things that are here:
a +1 rapier of flaming; a +1 rapier of flaming; a +0 leather armour You closely miss the deep elf high priest.
The deep elf high priest invokes the aid of its god against you.
Something smites you!
* * * LOW HITPOINT WARNING * * *
You scratch the deep elf high priest. You kick the deep elf high priest!
The deep elf high priest is moderately wounded.
You block the deep elf high priest's attack.
You eviscerate the deep elf high priest!!!
You kill the deep elf high priest!
Okawaru accepts your kill.
Your magical contamination has completely faded away.
A deep elf annihilator comes into view. It is wielding a +0 dagger.
You see here a +1 scimitar of holy wrath.
Your transformation is almost over.
There is an escape hatch in the ceiling here.
A mysterious force pulls you upwards. The hatch slams shut behind you.
Level annotation: 3 runed translucent doors The deep elf zephyrmancer shouts!
The deep elf pyromancer shouts!
You hear a shout!
The deep elf knight shouts! x2
A +0 quick blade of freezing comes into view.
The deep elf knight casts a spell.
The deep elf knight seems to speed up.
The deep elf knight casts a spell.
The deep elf knight flickers and vanishes for a moment.
The deep elf knight points at you and mumbles some strange words.
The shard of ice misses you.
You hear a shout!
The deep elf knight shouts!
As you read the scroll of teleportation {@r4}, it crumbles to dust.
You feel strangely unstable.
You revert to your normal fleshy form.
Your +1 pair of gloves unmelds from your body.
The +1 robe "Ylastie" {Will+} unmelds from your body.
A +2 vorpal long sword comes into view.
A +2 glaive of venom comes into view.
The deep elf pyromancer points at you and mumbles some strange words.
The bolt of fire hits you!!!
You die...

.... ....
(....
.....
.(....
#..(...
##(..e...
#@e..e.#
#......##
#......#
#......#
##......#
##...ee..
#......
......


You could see 3 deep elf knights, a deep elf pyromancer, a deep elf zephyrmancer
and 4 dancing weapons.

Vanquished Creatures
  Nikola (Swamp:3)
  Arachne (Spider:2)
  Mlioglotl (Spider:4)
  A deep elf blademaster (Elf:3)
  Frances (D:13)
  5 thorn hunters
  A fenstrider witch (Swamp:4)
  Louise (Swamp:3)
  5 deep elf sorcerers
  5 ghost moths
  An orc warlord (Orc:2)
  A ghoul (Swamp:1)
  2 emperor scorpions (Spider:4)
  2 vampire knights (Swamp:4)
  2 deep elf annihilators (Elf:3)
  A deep elf demonologist (Elf:3)
  3 spark wasps
  Azrael (D:14)
  2 bunyips
  An entropy weaver (Spider:3)
  2 deep elf death magi (Elf:2)
  5 eleionomae
  3 shambling mangroves (Swamp:4)
  2 deep elf high priests (Elf:3)
  A great orb of eyes (D:15)
  Josephine (D:15)
  2 ghost crabs
  4 vault guards (D:13)
  Erolcha (D:9)
  12 hydras
  A rakshasa (D:15)
  5 boulder beetles
  7 centaur warriors
  2 ironbound frosthearts
  An ogre mage (D:14)
  6 two-headed ogres
  5 catoblepae
  2 tengu warriors
  26 death yaks
  5 alligators
  18 dancing weapons
  An orc high priest (Orc:2)
  Sonja (D:13)
  14 deep elf knights
  8 spriggans
  8 skeletal warriors
  8 spriggan druids
  5 goliath frogs
  3 spectral hydras (Swamp:4)
  2 flayed ghosts (Swamp:4)
  12 deep elf archers
  10 swamp dragons
  Pikel (D:9)
  6 bog bodies
  2 lindwurms (Volcano)
  An orc sorcerer (Orc:2)
  35 deep elf zephyrmancers
  15 orb spiders
  29 wolf spiders
  2 cyclopes
  41 deep elf pyromancers
  6 manticores
  15 ugly things
  3 oklob plants (Swamp:4)
  2 moths of wrath (Swamp:2)
  6 will-o-the-wisps
  15 elephants
  4 black mambas
  A torpor snail (Spider:3)
  An ice statue (IceCv)
  3 molten gargoyles (Volcano)
  7 cane toads
  3 kobold demonologists (D:14)
  2 gargoyles
  2 unseen horrors (D:11)
  5 rime drakes
  Psyche (D:11)
  2 efreet
  A freezing wraith (Swamp:4)
  10 komodo dragons
  2 tengu conjurers (D:15)
  17 demonic crawlers
  5 hydra zombies (Swamp:4)
  8 trolls
  39 jumping spiders
  Prince Ribbit (D:6)
  A death drake zombie (Swamp:4)
  11 polar bears
  3 hydra skeletons (Swamp:4)
  14 hornets
  A bloated husk (Swamp:4)
  A wind drake (shapeshifter) (D:11)
  6 tyrant leeches
  Grinder (D:5)
  23 blink frogs
  A death drake skeleton (Swamp:4)
  7 slime creatures
  9 dream sheep
  Sigmund (D:5)
  18 tarantellas
  An air elemental (Elf:3)
  A centaur simulacrum (D:14)
  39 redbacks
  2 shadows
  A wyvern (Lair:3)
  102 yaks
  A vampire (D:9)
  8 wraiths
  11 fire elementals
  3 basilisks
  A water elemental (Elf:1)
  A steam dragon (D:9)
  12 vampire mosquitoes
  20 swamp worms
  2 acid dragons
  3 wargs
  17 water moccasins
  Edmund (D:5)
  4 hell hounds (D:14)
  3 hydra simulacra (Swamp:4)
  A floating eye (shapeshifter) (Elf:1)
  A hornet zombie (D:5)
  2 ice beasts
  A sky beast (D:7)
  31 orc warriors
  A swamp drake (shapeshifter) (D:15)
  4 swamp drakes
  A necrophage (Swamp:1)
  2 black bears
  21 wolves
  4 ogres
  2 lemures (D:8)
  11 centaurs
  3 phantoms
  3 kobold brigands
  8 bullfrogs
  A scorpion (Lair:1)
  5 earth elementals
  A troll zombie (D:12)
  4 killer bees (D:7)
  3 wights (D:8)
  An electric eel (Lair:1)
  6 howler monkeys
  6 centaur zombies
  3 hounds
  A gnoll shaman (D:4)
  Crazy Yiuf (D:7)
  A centaur skeleton (D:6)
  4 jellies
  14 orc priests
  3 iguanas
  27 orc wizards
  3 hell rats (D:11)
  A killer bee zombie (D:8)
  7 ogre zombies (D:12)
  A hound skeleton (D:5)
  Robin (D:2)
  A howler monkey zombie (D:8)
  3 gnolls (D:4)
  2 howler monkey skeletons
  15 adders
  2 river rats (D:11)
  16 white imps
  An ufetubus (D:3)
  2 worms
  70 orcs
  6 ball pythons
  5 endoplasms
  A giant cockroach (D:3)
  11 hobgoblins
  6 jackals
  8 quokkas
  7 bats
  5 frilled lizards
  10 goblins
  2 goblin zombies (D:12)
  A hobgoblin skeleton (D:12)
  A hobgoblin zombie (D:12)
  20 kobolds
  4 orc skeletons (D:12)
  17 orc zombies (D:12)
  7 rats
  2 briar patches (Swamp:4)
  2 fire vortices (Volcano)
1261 creatures vanquished.

Vanquished Creatures (others)
  A dancing weapon (Elf:1)
  A swamp dragon (Swamp:2)
  A spriggan druid (Swamp:4)
  2 deep elf zephyrmancers (Elf:3)
  2 bloated husks
  A hornet (Swamp:1)
  5 briar patches (Swamp:4)
  26 foxfires
  50 fungi
  91 plants
  2 withered plants (D:7)
182 creatures vanquished.

Grand Total: 1443 creatures vanquished

Notes
Turn   | Place    | Note
-------+----------+-------------------------------------------
     0 | D:1      | freelancePsychic the Demonspawn Hunter began the quest for
                  | the Orb.
     0 | D:1      | Reached XP level 1. HP: 16/16 MP: 1/1
   397 | D:1      | Found a faded altar of an unknown god.
   494 | D:2      | Found Bamefiant's Book Boutique.
   496 | D:2      | Gained mutation: You have a pair of small antennae on your
                  | head. [demonic ancestry]
   496 | D:2      | Reached XP level 2. HP: 22/22 MP: 2/2
   759 | D:2      | Found Nuihyesm's Weapon Emporium.
   964 | D:2      | Found Kempate's Distillery.
  1037 | D:2      | Found Yvisoinan's General Store.
  1060 | D:2      | Reached skill level 1 in Unarmed Combat
  1060 | D:2      | Gained mutation: You have large cloven feet. [demonic
                  | ancestry]
  1060 | D:2      | Reached XP level 3. HP: 28/28 MP: 3/3
  1241 | D:2      | Noticed Robin
  1252 | D:2      | Killed Robin
  1327 | D:2      | Found a broken altar of Ashenzari.
  1358 | D:2      | Found Jaqir's Jewellery Boutique.
  1587 | D:2      | Gained mutation: You have a pair of antennae on your head.
                  | [demonic ancestry]
  1587 | D:2      | Reached XP level 4. HP: 35/35 MP: 4/4
  1679 | D:2      | Reached skill level 2 in Unarmed Combat
  2332 | D:3      | Found a shimmering altar of Xom.
  2446 | D:3      | Reached XP level 5. HP: 42/42 MP: 5/5
  3344 | D:4      | Reached skill level 3 in Unarmed Combat
  3604 | D:4      | Identified the +1 ring mail of Fiemnof {+Inv Dex+2 Slay+2
                  | Stlth-}
  3679 | D:4      | Found a staircase to the Ecumenical Temple.
  3700 | Temple   | Entered the Ecumenical Temple
  3764 | Temple   | Became a worshipper of Warmaster Okawaru
  3977 | D:4      | Gained mutation: Spells you cast may paralyse adjacent
                  | enemies. [demonic ancestry]
  3977 | D:4      | Reached XP level 6. HP: 49/49 MP: 6/6
  4359 | D:5      | Entered Level 5 of the Dungeon
  4393 | D:5      | Noticed Sigmund
  4401 | D:5      | Killed Sigmund
  4402 | D:5      | Reached skill level 5 in Fighting
  4402 | D:5      | Reached skill level 4 in Unarmed Combat
  4402 | D:5      | Reached XP level 7. HP: 55/56 MP: 7/7
  4406 | D:5      | Found a burning altar of Makhleb.
  4438 | D:5      | Reached * piety under Okawaru
  4674 | D:5      | Reached skill level 1 in Invocations
  5024 | D:5      | Noticed Grinder
  5027 | D:5      | Paralysed by Grinder for 7 turns
  5036 | D:5      | Killed Grinder
  5037 | D:5      | Reached skill level 5 in Bows
  5037 | D:5      | Gained mutation: You have sharp fingernails. [demonic
                  | ancestry]
  5037 | D:5      | Reached XP level 8. HP: 65/65 MP: 7/10
  5171 | D:5      | Noticed Edmund
  5186 | D:5      | Killed Edmund
  5602 | D:5      | Reached ** piety under Okawaru
  6012 | D:6      | Reached XP level 9. HP: 74/74 MP: 11/11
  6021 | D:6      | Found a snail-covered altar of Cheibriados.
  6197 | D:6      | You fall into a shaft and drop 3 floors!
  6197 | D:9      | Noticed a troll
  6204 | D:9      | Killed a troll
  6204 | D:9      | Reached *** piety under Okawaru
  6448 | D:8      | Received a gift from Okawaru
  6702 | D:7      | Found a broken altar of Ashenzari.
  7122 | D:7      | Found a runed translucent gate.
  7122 | D:7      | Found a runed translucent gate.
  7122 | D:7      | Found a runed translucent gate.
  7124 | D:7      | Noticed yellowboar's ghost (novice DEAE)
  7124 | D:7      | Noticed RandomusNamus's ghost (novice MiGl)
  7125 | D:7      | Noticed mg7810's ghost (novice DsFi)
  7125 | D:7      | Noticed siradein's ghost (novice DECj)
  7316 | D:7      | Found a runed translucent door.
  7317 | D:7      | Noticed Crazy Yiuf
  7463 | D:6      | Noticed Prince Ribbit
  7472 | D:6      | Killed Prince Ribbit
  7496 | D:6      | Reached skill level 10 in Fighting
  8018 | D:7      | Found an opulent altar of Gozag.
  8276 | D:7      | Killed Crazy Yiuf
  8757 | D:8      | Gained mutation: A weak demonic guardian rushes to your
                  | aid. [demonic ancestry]
  8757 | D:8      | Reached XP level 10. HP: 85/85 MP: 12/12
  8947 | D:9      | Noticed a two-headed ogre
  8954 | D:9      | Killed a two-headed ogre
  8954 | D:9      | Reached **** piety under Okawaru
  8994 | D:9      | Noticed Pikel
  9173 | D:9      | Killed Pikel
  9173 | D:9      | Received a gift from Okawaru
  9249 | D:9      | Identified the +2 cloak of the Eternal Void {Dex+4}
  9306 | D:9      | Noticed Erolcha
  9311 | D:9      | Received a gift from Okawaru
  9411 | D:9      | Reached skill level 5 in Dodging
  9509 | D:10     | Entered Level 10 of the Dungeon
 10021 | D:10     | Reached skill level 5 in Transmutations
 10028 | D:10     | Reached XP level 11. HP: 48/90 MP: 11/13
 10558 | D:10     | Reached ***** piety under Okawaru
 10558 | D:10     | Received a gift from Okawaru
 11020 | D:11     | Noticed a death yak
 11073 | D:11     | Noticed a two-headed ogre
 11085 | D:11     | Killed a two-headed ogre
 11566 | D:11     | Killed a death yak
 11631 | D:11     | Noticed a death yak
 11631 | D:11     | Noticed a death yak
 11652 | D:11     | Killed a death yak
 11666 | D:11     | Killed a death yak
 11894 | D:11     | Found a staircase to the Lair.
 11964 | D:11     | Noticed Psyche
 12034 | D:11     | Killed Psyche
 12158 | D:11     | Received a gift from Okawaru
 13016 | D:11     | Reached XP level 12. HP: 66/97 MP: 14/14
 13309 | D:12     | Noticed a two-headed ogre
 13318 | D:11     | Killed a two-headed ogre
 13605 | D:2      | Bought a book of Transfigurations for 560 gold pieces
 13611 | D:2      | Learned a level 5 spell: Blade Hands
 13856 | Lair:1   | Entered Level 1 of the Lair of Beasts
 13909 | Lair:1   | Identified the +3 scale mail of Balon {Int+2} (Okawaru
                  | gifted it to you on level 1 of the Lair of Beasts)
 13909 | Lair:1   | Received a gift from Okawaru
 13935 | Lair:1   | Reached skill level 1 in Spellcasting
 14416 | Lair:1   | Noticed an eight-headed hydra
 14434 | Lair:1   | Killed an eight-headed hydra
 15473 | Lair:2   | Reached skill level 5 in Unarmed Combat
 15540 | Lair:2   | Noticed a five-headed hydra
 15548 | Lair:2   | Killed a five-headed hydra
 16109 | Lair:2   | Found a staircase to the Swamp.
 16221 | Lair:2   | Reached skill level 6 in Unarmed Combat
 16221 | Lair:2   | Reached skill level 10 in Transmutations
 17129 | Lair:3   | Received a gift from Okawaru
 17484 | Lair:3   | Received a gift from Okawaru
 17501 | Lair:3   | Got the Compendium of Orientation
 17554 | Lair:3   | Reached skill level 7 in Unarmed Combat
 17747 | Lair:3   | Gained mutation: You have very sharp fingernails. [demonic
                  | ancestry]
 17747 | Lair:3   | Reached XP level 13. HP: 90/106 MP: 11/17
 17849 | Lair:3   | Reached ****** piety under Okawaru
 17868 | Lair:3   | Received a gift from Okawaru
 18708 | Lair:4   | Found a dark tunnel.
 18717 | Volcano  | Entered a volcano
 18778 | Volcano  | Received a gift from Okawaru
 18779 | Volcano  | Reached skill level 8 in Unarmed Combat
 19616 | Lair:4   | Found a hole to the Spider Nest.
 19956 | Lair:4   | Found the +3 hat of Pondering {ponderous, Will+ MP+10
                  | Int+5}
 20229 | Lair:4   | Reached skill level 9 in Unarmed Combat
 20327 | Lair:4   | Received a gift from Okawaru
 21086 | Lair:5   | Found a staircase to the Slime Pits.
 21087 | Lair:5   | Found a viscous altar of Jiyva.
 21161 | Lair:5   | Received a gift from Okawaru
 21162 | Lair:5   | Reached skill level 10 in Unarmed Combat
 21565 | Lair:5   | Gained mutation: You have hoof-like feet. [demonic
                  | ancestry]
 21565 | Lair:5   | Reached XP level 14. HP: 118/118 MP: 18/18
 22261 | Lair:6   | Entered Level 6 of the Lair of Beasts
 23107 | Lair:6   | Reached skill level 11 in Unarmed Combat
 23460 | Lair:6   | Received a gift from Okawaru
 23466 | Lair:6   | Reached skill level 10 in Dodging
 24748 | D:9      | Killed Erolcha
 25178 | D:9      | Found a shimmering blue altar of Sif Muna.
 25753 | D:12     | Found a staircase to the Orcish Mines.
 26090 | D:12     | Got the Grimoire of Weightlessness
 26494 | D:12     | Reached skill level 15 in Fighting
 26509 | D:12     | Found an iron altar of Okawaru.
 26944 | D:13     | Noticed Sonja
 26949 | D:13     | Found a frozen archway.
 26953 | D:13     | Killed Sonja
 26953 | D:13     | Received a gift from Okawaru
 27007 | IceCv    | Entered an ice cave
 27380 | IceCv    | Reached XP level 15. HP: 104/129 MP: 19/19
 27574 | IceCv    | Received a gift from Okawaru
 27746 | IceCv    | Reached skill level 5 in Invocations
 27864 | IceCv    | Received a gift from Okawaru
 27959 | Arena    | Entered the Arena
 27989 | IceCv    | Received a gift from Okawaru
 28272 | IceCv    | Got Orod's Grimoire of Dislocated Weightlessness
 29047 | D:2      | Bought a ring of wizardry for 360 gold pieces
 29341 | Orc:1    | Entered Level 1 of the Orcish Mines
 29715 | Orc:2    | Entered Level 2 of the Orcish Mines
 29798 | Orc:2    | Found Suonwog's Armour Shop.
 30073 | Orc:2    | Found a staircase to the Elven Halls.
 30547 | Orc:2    | Found Uzexkixu's Distillery.
 30558 | Orc:2    | Bought a potion of might for 72 gold pieces
 30717 | Orc:2    | Noticed an orc warlord
 30745 | Orc:2    | Killed an orc warlord
 30745 | Orc:2    | Received a gift from Okawaru
 31167 | Orc:2    | Found Kyewn's Antique Armour Emporium.
 31173 | Orc:2    | Found Dusuboat's Antique Weapon Shoppe.
 31321 | D:13     | Noticed Frances
 31336 | D:13     | Killed Frances
 31868 | D:13     | Received a gift from Okawaru
 32555 | D:13     | Found a gate to the Vaults.
 32586 | D:13     | Received a gift from Okawaru
 33624 | D:14     | Noticed Azrael
 33635 | D:14     | Killed Azrael
 33811 | D:14     | Received a gift from Okawaru
 33963 | D:14     | Reached XP level 16. HP: 136/136 MP: 20/20
 34519 | D:15     | Entered Level 15 of the Dungeon
 35613 | D:15     | Received a gift from Okawaru
 35776 | D:15     | Noticed Josephine
 35781 | D:15     | Killed Josephine
 35795 | D:15     | Identified the +6 longbow of Glamorous Innocence {vorpal,
                  | Int+4} (Okawaru gifted it to you on level 15 of the
                  | Dungeon)
 35795 | D:15     | Received a gift from Okawaru
 36640 | D:15     | HP: 4/136 [very large slime creature (53)]
 36976 | D:15     | Found a staircase to the Depths.
 37034 | D:15     | Learned a level 7 spell: Dragon Form
 37041 | D:15     | Learned a level 6 spell: Statue Form
 37191 | Swamp:1  | Entered Level 1 of the Swamp
 37191 | Swamp:1  | Noticed a thorn hunter
 37201 | Swamp:1  | Killed a thorn hunter
 37202 | Swamp:1  | Reached skill level 1 in Earth Magic
 37494 | Swamp:1  | Received a gift from Okawaru
 37826 | D:6      | Identified the +1 robe "Ylastie" {Will+}
 38014 | Swamp:1  | Identified Roxanne's Tome of Clay
 38014 | Swamp:1  | Noticed Roxanne
 38176 | Swamp:1  | Reached skill level 1 in Shields
 38706 | Swamp:2  | Reached skill level 5 in Earth Magic
 38930 | Swamp:2  | Found the +10 morningstar "Eos" {elec, Halo rElec}
 39025 | Swamp:2  | Noticed a thorn hunter
 39051 | Swamp:2  | Killed a thorn hunter
 39308 | Swamp:2  | Received a gift from Okawaru
 39308 | Swamp:2  | Noticed a thorn hunter
 39332 | Swamp:2  | Killed a thorn hunter
 39809 | Swamp:3  | Noticed Louise
 39811 | Swamp:3  | Noticed Nikola
 39815 | Swamp:3  | Received a gift from Okawaru
 39823 | Swamp:3  | Killed Nikola
 39824 | Swamp:3  | Reached skill level 12 in Unarmed Combat
 39837 | Swamp:2  | Received a gift from Okawaru
 39838 | Swamp:2  | Gained mutation: Spells you cast may paralyse nearby
                  | enemies. [demonic ancestry]
 39838 | Swamp:2  | Reached XP level 17. HP: 131/142 MP: 15/21
 39986 | Swamp:3  | Found a transporter.
 39995 | Swamp:3  | Found a transporter.
 39999 | Swamp:3  | Found a bloodstained altar of Trog.
 40002 | Swamp:3  | Noticed Helmschank's ghost (adept TrMo)
 40325 | Swamp:3  | Received a gift from Okawaru
 40344 | Swamp:3  | Killed Louise
 41118 | Spider:1 | Entered Level 1 of the Spider Nest
 41151 | Spider:1 | Received a gift from Okawaru
 41808 | Lair:4   | Received a gift from Okawaru
 42726 | Spider:2 | Noticed Arachne
 43184 | Spider:2 | Reached skill level 1 in Throwing
 43184 | Spider:2 | Reached skill level 5 in Shields
 43541 | Spider:2 | Killed Arachne
 43867 | Spider:3 | Reached skill level 13 in Unarmed Combat
 45209 | Spider:4 | Entered Level 4 of the Spider Nest
 45322 | Spider:4 | Received a gift from Okawaru
 45855 | Spider:4 | Noticed Mlioglotl
 45863 | Spider:4 | Killed Mlioglotl
 46470 | Spider:4 | Received a gift from Okawaru
 46489 | Spider:4 | Gained mutation: Spells you cast and wands you use may
                  | paralyse nearby enemies. [demonic ancestry]
 46489 | Spider:4 | Reached XP level 18. HP: 149/149 MP: 7/22
 46701 | Spider:4 | Reached skill level 14 in Unarmed Combat
 46922 | Spider:4 | Received a gift from Okawaru
 46955 | Spider:4 | Got a gossamer rune of Zot
 47338 | Swamp:4  | Entered Level 4 of the Swamp
 48898 | Swamp:4  | Got the Compendium of Enthralling Intoxication
 48919 | Swamp:4  | Received a gift from Okawaru
 48931 | Swamp:4  | Reached skill level 10 in Shields
 48938 | Swamp:4  | Reached skill level 15 in Unarmed Combat
 49251 | Swamp:4  | Found a blossoming altar of Fedhas.
 49369 | Swamp:4  | Found a basalt altar of Yredelemnul.
 49684 | Swamp:4  | Gained mutation: Your spells are a little easier to cast,
                  | but a little less powerful. [mutagenic glow]
 49799 | Swamp:4  | Got a decaying rune of Zot
 49949 | Swamp:4  | Lost mutation: Your spells are a little easier to cast, but
                  | a little less powerful. [potion of mutation]
 49949 | Swamp:4  | Gained mutation: You are partially covered in large bone
                  | plates. (SH +4) [potion of mutation]
 49949 | Swamp:4  | Gained mutation: You expend magic power (3 MP) to
                  | strengthen your wands. [potion of mutation]
 49949 | Swamp:4  | Gained mutation: You are partially covered in iridescent
                  | scales. (AC +2) [potion of mutation]
 50182 | Elf:1    | Entered Level 1 of the Elven Halls
 50739 | Elf:1    | Gained mutation: You have a pair of large antennae on your
                  | head. (SInv) [demonic ancestry]
 50739 | Elf:1    | Reached XP level 19. HP: 51/155 MP: 19/23
 50792 | Elf:1    | Paralysed by a floating eye for 2 turns
 51536 | Elf:1    | Found Nisogeol's Jewellery Shop.
 52125 | Elf:2    | Received a gift from Okawaru
 52128 | Elf:2    | Got the Incunabulum of Supportive Arcane Weapons
 52342 | Elf:2    | Reached skill level 16 in Unarmed Combat
 52718 | Elf:2    | Gained mutation: Potions are less effective at restoring
                  | your health. [mutagenic glow]
 52880 | Elf:2    | Found Ceywoda's Antique Weapon Emporium.
 53001 | Elf:2    | Found a runed translucent gate.
 53002 | Elf:2    | Found a runed translucent gate.
 53002 | Elf:2    | Found a runed translucent gate.
 53158 | Elf:3    | Entered Level 3 of the Elven Halls
 53554 | Elf:3    | Found Musegint's Assorted Antiques.
 53739 | Elf:3    | Found a runed translucent gate.
 53739 | Elf:3    | Found a runed translucent gate.
 53741 | Elf:3    | Found an opulent altar of Gozag.
 53741 | Elf:3    | Found a runed translucent gate.
 53743 | Elf:3    | Noticed Lucahism's ghost (adept DsDe)
 53744 | Elf:3    | Found Weqott's Assorted Antiques.
 54415 | Elf:3    | Received a gift from Okawaru
 54448 | Elf:2    | Killed from afar by a deep elf pyromancer

Illustrated notes

Levels and vault maps discovered:
D:1:      minmay_arrival_widening_spiral_wide, layout_rooms,
          basic_ecumenical_altar
D:2:      kennysheep_six_static_rooms, layout_basic, serial_shops, shop_statue,
          nicolae_diamond_shop, shop, nicolae_shop_window_shopping, shop_coins,
          basic_altar, uniq_robin
D:3:      layout_basic, mainiacjoe_overflow_alcove_4
D:4:      corexii_shack_village, layout_basic, minmay_temple_entry_junction_2,
          nrook_loot_triangle
D:5:      layout_loops_corners, bloody_makhleb, uniq_grinder, uniq_sigmund,
          uniq_edmund
D:6:      layout_basic, cheibriados_altar_1, lexackson_kobold_supper,
          uniq_prince_ribbit1
D:7:      layout_rooms, nicolae_gozag_seed_capital,
          ashenzari_conservatory_becter, gammafunk_ghost_cemetery,
          hangedman_abyss_or_decor_lesser_grid, uniq_crazy_yiuf_cottage
D:8:      layout_basic
D:9:      layout_layer_cave, lemuel_blue_sif_altar, uniq_erolcha, uniq_pikel
D:10:     layout_basic, st_stairs_11
D:11:     layout_cave_pods, dpeg_lair_monsters, uniq_psyche
D:12:     layout_basic, zombieorc2_lemuel, okawaru_gym_becter
D:13:     layout_basic, lightli_vaults_fourway_checkpoint,
          portal_ice_cave_entry_imps, uniq_sonja, uniq_frances
D:14:     layout_roguey, kennysheep_doodads, uniq_azrael
D:15:     gammafunk_enter_depths_forms, layout_cave_pools, uniq_josephine
Temple:   nicolae_temple_x_marks_the_god
Lair:1:   layout_regular_city, grunt_megastairs_4, serial_bayou_shore_a
Lair:2:   layout_long_grid, skrybe_swamp_entry_bodies, serial_rivers,
          chequers_serial_rivers_micro_d, chequers_serial_rivers_small_3,
          chequers_serial_rivers_room_a, chequers_serial_rivers_large_a,
          chequers_serial_rivers_small_a, chequers_serial_rivers_marsh,
          lemuel_fruit_tree
Lair:3:   layout_long_grid, serial_bayou_pond_a, chequers_serial_rivers_micro_e,
          st_stairs_9, grunt_megastairs_1
Lair:4:   layout_regular_city, spider_nest_entry_rubble, enter_volcano_2,
          serial_bayou_shore_b, serial_bayou_shore_b
Lair:5:   layout_cave_pods, slime_altar_1
Lair:6:   evilmike_catoblepas_cave, layout_hall_layers
Swamp:1:  layout_falls_marsh, evilmike_swamp_ruin_house_4, uniq_roxanne
Swamp:2:  layout_basic_swamp, basic_altar, infiniplex_staircase_pool
Swamp:3:  layout_basic_swamp, gammafunk_ghost_wrathful_warriors,
          evilmike_swamp_ruin_house_2, uniq_nikola, uniq_louise
Swamp:4:  byrel_swamp_growth_death_and_undeath, layout_basic_swamp
Spider:1: layout_spider_delve, drop_trap, nicolae_crawler_farm
Spider:2: layout_spider_delve, uniq_arachne
Spider:3: layout_chambers
Spider:4: grunt_spider_rune_parallel, uniq_mlioglotl
Orc:1:    layout_caves
Orc:2:    grunt_orc_community_town_hall, layout_diamond_mine,
          grunt_orc_community_big_house_1, grunt_orc_community_big_house_2,
          grunt_orc_community_house_3, grunt_orc_community_house_3,
          grunt_orc_community_house_3, grunt_orc_community_house_2,
          grunt_orc_community_house_1
Elf:1:    eino_elf_arrival_sip, layout_geoelf_octagon, serial_shops,
          nicolae_take_the_stairs, portal_desolation_entry_ruin,
          hangedman_elven_crosses_minicolossus
Elf:2:    nicolae_elf_blades_crystal_corner, layout_geoelf_octagon,
          serial_shops, shop, minmay_misc_feat_five, minmay_elf_sorcery
Elf:3:    minmay_elf_hall_dome, layout_loops_corners, ebering_ghost_gozag,
          serial_shops, nicolae_square_shop

Skill      XL: |  1  2  3  4  5  6  7  8  9 10 11 12 13 14 15 16 17 18 19 |
---------------+----------------------------------------------------------+-----
Bows           | 4 5 6 8 9 |  9.0
Unarmed Combat | 1 2 3 4 7 10 11 12 13 15 16 | 16.0
Fighting       | 3 4 5 6 8 10 11 13 15 | 15.0
Invocations    | 3 6 |  6.0
Dodging        | 2 6 9 11 12 13 | 13.2
Transmutations | 5 8 10 12 13 | 13.0
Spellcasting   | 3 |  3.1
Earth Magic    | 6 7 |  7.8
Shields        | 4 7 11 13 | 13.9
Throwing       | 2 |  2.0
Stealth        | |  0.8

Action                   |  1- 3 |  4- 6 |  7- 9 | 10-12 | 13-15 | 16-18 | 19-21 || total
-------------------------+-------+-------+-------+-------+-------+-------+-------++-------
Melee: Short sword       |    25 |     3 |    33 |       |       |       |       ||    61
       Kick              |     3 |     1 |    14 |    58 |   260 |   287 |    69 ||   692
       Dagger            |       |       |    16 |    55 |       |       |       ||    71
       Punch             |       |       |     3 |     2 |    45 |    25 |       ||    75
       Unarmed           |       |       |       |    78 |   703 |  1054 |   266 ||  2101
       Tailslap          |       |       |       |       |       |    10 |       ||    10
       Bite              |       |       |       |       |       |     7 |       ||     7
 Fire: Shortbow          |    95 |   194 |   315 |   371 |       |       |       ||   975
       Longbow           |       |       |       |   159 |   537 |    69 |       ||   765
Throw: Throwing net      |       |       |       |     2 |       |     3 |       ||     5
 Cast: Blade Hands       |       |       |       |    17 |    81 |    13 |       ||   111
       Statue Form       |       |       |       |       |       |    83 |    32 ||   115
       Dragon Form       |       |       |       |       |       |     8 |       ||     8
Invok: Heroism           |       |       |     9 |    12 |    16 |    19 |     4 ||    60
       Finesse           |       |       |       |     2 |     6 |     3 |     1 ||    12
       Duel              |       |       |       |       |     1 |       |       ||     1
 Abil: End Transformatio |       |       |       |     1 |     1 |     2 |       ||     4
       Breathe Fire      |       |       |       |       |       |     1 |       ||     1
Evoke: Wand              |       |       |       |       |     8 |    29 |       ||    37
  Use: Potion            |     2 |       |     3 |       |     3 |    11 |     2 ||    21
       Scroll            |       |     6 |     5 |    10 |    11 |    13 |     2 ||    47
 Stab: Paralysed         |       |       |       |    12 |    43 |    42 |     9 ||   106
       Petrifying        |       |       |       |       |     1 |       |       ||     1
       Held in net/web   |       |       |       |       |       |     2 |       ||     2
       Invisible         |       |       |       |       |       |     2 |       ||     2
       Distracted        |       |       |       |       |       |     1 |       ||     1
Armor: Chain mail        |    54 |    55 |       |       |       |       |       ||   109
       Ring mail         |       |     3 |    55 |    97 |   172 |    21 |       ||   348
       Skin              |       |       |     3 |       |       |   586 |    51 ||   640
       Robe              |       |       |       |       |       |    14 |     2 ||    16
Dodge: Dodged            |    23 |    34 |    69 |   319 |   657 |  1857 |   214 ||  3173
Block: Other             |    23 |    31 |    36 |    86 |   133 |    54 |       ||   363
       Reflection        |       |       |     3 |     6 |     9 |    29 |    37 ||    84
       Buckler           |       |       |       |       |       |   850 |   231 ||  1081
       Kite shield       |       |       |       |       |       |   187 |       ||   187

Table legend: (Time is in decaauts)
 A = Elapsed time spent in this place.
 B = Non-inter-level travel time spent in this place.
 C = Inter-level travel time spent in this place.
 D = Time resting spent in this place.
 E = Time spent auto-exploring this place.
 F = Levels seen in this place.
 G = Mean time per level.
                   A        B        C        D        E       F      G
               +--------+--------+--------+--------+--------+-----+--------+
         Total |  57807 |  54006 |   3801 |   7398 |  36630 |  38 | 1521.2 |
       Dungeon |  23636 |  21364 |   2272 |   2339 |  15472 |  15 | 1575.7 |
        Temple |     74 |     60 |     14 |      0 |     29 |   1 |   74.0 |
          Lair |  11771 |  11031 |    740 |   1743 |   7607 |   6 | 1961.8 |
         Swamp |   6793 |   6387 |    406 |   1077 |   4028 |   4 | 1698.2 |
   Spider Nest |   6280 |   6099 |    181 |    843 |   3917 |   4 | 1570.0 |
  Orcish Mines |   2492 |   2380 |    112 |    415 |   1476 |   2 | 1246.0 |
   Elven Halls |   4374 |   4300 |     74 |    257 |   3019 |   3 | 1458.0 |
      Ice Cave |   1507 |   1507 |      0 |     96 |   1003 |   1 | 1507.0 |
       Volcano |    867 |    867 |      0 |    627 |     76 |   1 |  867.0 |
         Arena |      8 |      8 |      0 |      0 |      0 |   1 |    8.0 |
               +--------+--------+--------+--------+--------+-----+--------+

Top non-repeatable levels by time:
    D:14: 2741 daAuts
 Swamp:4: 2728 daAuts
    D:11: 2639 daAuts
Spider:4: 2406 daAuts
  Lair:4: 2376 daAuts
  Lair:2: 2372 daAuts
  Lair:6: 2169 daAuts
   Orc:2: 2065 daAuts
     D:2: 1946 daAuts
    D:13: 1937 daAuts
     D:9: 1793 daAuts
    D:10: 1786 daAuts
   Elf:2: 1776 daAuts
     D:5: 1714 daAuts
 Swamp:3: 1681 daAuts
